 Dungeon Crawl Stone Soup version 0.29-a0-1052-g6990b1bffc (webtiles) character file.

Game seed: 17152369808440873794

17 SensoryNuts the Trooper (level 2, 0/24 HPs)
             Began as a Demonspawn Fighter on Aug 17, 2022.
             Slain by Terence
             ... wielding a +0 trident
              (7 damage)
             ... on level 2 of the Dungeon.
             The game lasted 00:00:40 (799 turns).

SensoryNuts the Trooper (Demonspawn Fighter)         Turns: 799, Time: 00:00:40

Health: 0/24       AC:  6    Str: 16    XL:     2   Next: 44%
Magic:  2/2        EV:  8    Int:  9    God:
Gold:   48         SH:  8    Dex: 12    Spells: 1/1 levels left

rFire   . . .      SeeInvis .   a - +0 rapier
rCold   . . .      Faith    .   c - +0 buckler
rNeg    . . .      Spirit   .   b - +0 scale mail
rPois   .          Reflect  .   (no helmet)
rElec   .          Harm     .   (no cloak)
rCorr   .          Rampage  .   (no gloves)
Will    .....                   (no boots)
Stlth   ..........              (no amulet)
HPRegen 0.08/turn               (no ring)
MPRegen 0.08/turn               (no ring)

@: no status effects
A: condensation shield
a: no special abilities


You were on level 2 of the Dungeon.
You visited 1 branch of the dungeon, and saw 2 of its levels.

You collected 48 gold pieces.

Inventory:

Hand Weapons
 a - a +0 rapier (weapon)
Armour
 b - a +0 scale mail (worn)
 c - a +0 buckler (worn)
Jewellery
 e - an amulet of magic regeneration
Scrolls
 f - a scroll of acquirement {unknown}
 g - a scroll of blinking {unknown}
 h - a scroll of brand weapon {unknown}
 i - a scroll of noise {unknown}
 k - a scroll of teleportation {unknown}
 l - a scroll of enchant weapon {unknown}
Potions
 d - a potion of might
 j - a potion of mutation {unknown}


   Skills:
 + Level 3.2 Fighting
 + Level 2.0 Short Blades
 + Level 2.9 Armour
 + Level 2.9 Shields


You had one spell level left.
You didn't know any spells.
Your spell library was empty.

Dungeon Overview and Level Annotations

Branches:
Dungeon (2/15)

Altars:

Annotations:
D:2 Terence


Innate Abilities, Weirdness & Mutations

A meltable shield of frost defends you. (SH +4)


Message History

No target in view!
You now have 40 gold pieces (gained 10).
You now have 48 gold pieces (gained 8).
Done exploring.
Done exploring.
Done exploring.
Done exploring.
No target in view!
You see here 2 stones.
There is a stone staircase leading down here.
You climb downwards.
Terence shouts!
There is a stone staircase leading up here.
There are monsters nearby!
There are monsters nearby!
There are monsters nearby!
You miss the bat. The bat closely misses you. You block Terence's attack.
The bat closely misses you. The dart slug launches a dart at you.
You block the slug dart. Terence hits you with a +0 trident!
You hit Terence but do no damage. The bat closely misses you.
Terence completely misses you. The worm bites you.
You hit Terence but do no damage. The bat hits you but does no damage.
Terence hits you with a +0 trident.
You are too injured to fight recklessly!
You are too injured to fight recklessly!
You are too injured to fight recklessly!
You are too injured to fight recklessly!
You are too injured to fight recklessly!
You are too injured to fight recklessly!
You are too injured to fight recklessly!
Unknown command.
The bat hits you but does no damage. x2
Terence hits you from afar with a +0 trident.
* * * LOW HITPOINT WARNING * * *
You block the worm's attack.
There is a stone staircase leading up here.
You block the bat's attack.
Terence hits you from afar with a +0 trident!
You die...

## #.
#####.####
#.......@#
#...w....#
#...wb@w.#
#........#
#........#
#........#
######...#
.##.# . ..
. .#.


You could see Terence, 2 worms, a dart slug and a bat.

Vanquished Creatures
  2 endoplasms (D:1)
  A giant cockroach (D:1)
  2 kobolds (D:1)
  2 quokkas (D:1)
  3 ball pythons (D:1)
  A bat (D:1)
  A frilled lizard (D:1)
  A goblin (D:1)
  4 rats (D:1)
17 creatures vanquished.

Notes
Turn   | Place    | Note
-------+----------+-------------------------------------------
     0 | D:1      | SensoryNuts the Demonspawn Fighter began the quest for the
                  | Orb.
     0 | D:1      | Reached XP level 1. HP: 18/18 MP: 1/1
   172 | D:1      | Gained mutation: A meltable shield of frost defends you.
                  | (SH +4) [demonic ancestry]
   172 | D:1      | Reached XP level 2. HP: 20/24 MP: 2/2
   793 | D:2      | Noticed Terence
   799 | D:2      | Slain by Terence

Illustrated notes

Levels and vault maps discovered:
D:1:      saegor_arrival_under_anarchy, layout_rooms
D:2:      layout_rooms, minmay_heptomino_o4, uniq_terence, uniq_natasha

Skill      XL: |  1 |
---------------+----+-----
Short Blades   | 2 |  2.0
Fighting       | |  3.2
Armour         | |  2.9
Shields        | |  2.9

Action                   || total
-------------------------++-------
Melee: Rapier            ||    63
Armor: Scale mail        ||    27
Dodge: Dodged            ||    28
Block: Buckler           ||    25

Table legend: (Time is in decaauts)
 A = Elapsed time spent in this place.
 B = Non-inter-level travel time spent in this place.
 C = Inter-level travel time spent in this place.
 D = Time resting spent in this place.
 E = Time spent auto-exploring this place.
 F = Levels seen in this place.
 G = Mean time per level.
                   A        B        C        D        E       F      G
               +--------+--------+--------+--------+--------+-----+--------+
         Total |    809 |    785 |     24 |      0 |    649 |   2 |  404.5 |
       Dungeon |    809 |    785 |     24 |      0 |    649 |   2 |  404.5 |
               +--------+--------+--------+--------+--------+-----+--------+

Top non-repeatable levels by time:
     D:1: 803 daAuts
     D:2: 6 daAuts
